 Dungeon Crawl Stone Soup version 0.17.0-22-g5edae84 (console) character file.

9 jw the Chopper (level 2, -2/21 HPs)
             Began as an Octopode Berserker on Nov 12, 2015.
             Was a Follower of Trog.
             Slain by a gnoll
             ... wielding a +0 spear
              (10 damage)
             ... on level 1 of the Dungeon.
             The game lasted 00:01:16 (258 turns).

jw the Chopper (Octopode Berserker)                  Turns: 258, Time: 00:01:17

Health: -2/21      AC:  1    Str: 16    XL:     2   Next: 12%
Magic:  2/2        EV: 12    Int:  9    God:    Trog [*.....]
Gold:   0          SH:  0    Dex: 11    Spells: 0 memorised, 1 level left

rFire  . . .     SeeInvis .     a - +0 hand axe
rCold  . . .     Clarity  .     (no shield)
rNeg   . . .     SustAt   .     (helmet restricted)
rPois  .         Gourm    .     (no amulet)
rElec  .         Spirit   .     (no ring)
rCorr  .         Warding  .     (no ring)
rMut   .         Stasis   .     (no ring)
MR     .....                    (no ring)
Stlth  ++........               (no ring)
                                (no ring)
                                (no ring)
                                (no ring)

@: not resistant to hostile enchantments, unstealthy
A: almost no armour, amphibious, 8 rings, constrict 8, camouflage 1, gelatinous
body 1
a: Berserk, Burn Spellbooks, Renounce Religion


You were on level 1 of the Dungeon.
You worshipped Trog.
Trog was aware of your devotion.
You were not hungry.

You visited 1 branch of the dungeon, and saw 1 of its levels.

Inventory:

Hand Weapons
 a - a +0 hand axe (weapon)
Comestibles
 b - 2 bread rations


   Skills:
 + Level 3.1 Fighting
 * Level 3.2 Axes
 + Level 1.0 Throwing
 - Level 3.0 Dodging


You had one spell level left.
You didn't know any spells.

Dungeon Overview and Level Annotations

Branches:
Dungeon (1/15)

Altars:


Innate Abilities, Weirdness & Mutations

You cannot wear most types of armour.
You are amphibious.
You can wear up to eight rings at the same time.
You can use your tentacles to constrict eight enemies at once.
Your skin changes colour to match your surroundings (Stealth).
Your rubbery body absorbs attacks (AC +1).


Message History

Unknown command.
MOVING TO (4,-2) Unknown command.
Unknown command.
Unknown command.
MOVING TO (3,-2) Unknown command.
Unknown command.
Unknown command.
MOVING TO (2,-1) Unknown command.
Unknown command.
Unknown command.
MOVING TO (1,0) Unknown command.
Unknown command.
Unknown command.
MOVING TO (-7,3)
The gnoll hits you with a spear!
You die...

..##.....#.# ..#
...........######## ....
#.#.#.#..##.......# ..#
.........##...%...###..###
#.#.#.#..##..#...........#
........###..#............
#b#.#.#.# #[.#.##..#.#.#.#
........# #..#.##.........
#.#.#.#.# #....gx..#.#.#.#
........# ###...##........
.###########.......#.#.#.#
........g...##........
....##.##..#..#?#.#.# .#
#g#.##.#..!......
#...#.?#.#......[..
#.##.#.##.###....... ..
##.##..# .......


You could see a gnoll and 2 goblins.

Table legend:
 A = Turns spent in this place as a percentage of turns spent in the entire game.
 B = Non-inter-level travel turns spent in this place as a percentage of non-inter-level travel turns spent in the entire game.
 C = Inter-level travel turns spent in this place as a percentage of turns spent in this place.
 D = Turns resting spent in this place as a percentage of non-inter-level travel turns spent in this place.
 E = Turns spent auto-exploring this place as a percentage of non-inter-level travel turns spent in this place.
 F = Non-inter-level travel turns spent in this place divided by the number of levels of this place that you've seen.
                   A       B       C       D       E      F
               +-------+-------+-------+-------+-------+----------------------
         Total | 100.0 | 100.0 |   0.0 |   0.6 |   3.0 | 642.0
       Dungeon | 100.0 | 100.0 |   0.0 |   0.6 |   3.0 | 642.0
               +-------+-------+-------+-------+-------+----------------------

Table legend:
 A = Kills in this place as a percentage of kills in entire the game.
 B = Kills by you in this place as a percentage of kills by you in the entire game.
 C = Kills by friends in this place as a percentage of kills by friends in the entire game.
 D = Other kills in this place as a percentage of other kills in the entire game.
 E = Experience gained in this place as a percentage of experience gained in the entire game.
 F = Experience gained in this place divided by the number of levels of this place that you have seen.
                   A       B       C       D       E      F
               +-------+-------+-------+-------+-------+----------------------
         Total | 100.0 | 100.0 |  -nan |  -nan | 100.0 |  13.0
       Dungeon | 100.0 | 100.0 |  -nan |  -nan | 100.0 |  13.0
               +-------+-------+-------+-------+-------+----------------------

Vanquished Creatures
  A giant gecko (D:1)
  A giant cockroach (D:1)
  2 goblins (D:1)
  A hobgoblin (D:1)
  A giant newt (D:1)
  A rat (D:1)
7 creatures vanquished.

Notes
Turn   | Place    | Note
--------------------------------------------------------------
     0 | D:1      | jw the Octopode Berserker began the quest for the Orb.
     0 | D:1      | Reached XP level 1. HP: 16/16 MP: 1/1
     0 | D:1      | Noticed an ice dragon
     0 | D:1      | Noticed an orb of fire
     0 | D:1      | Noticed an iron dragon
     3 | D:1      | Noticed a large abomination
     6 | D:1      | Noticed a shadow dragon
     7 | D:1      | Noticed a golden dragon
     8 | D:1      | Noticed an orb of fire
    10 | D:1      | Noticed a tentacled monstrosity
    12 | D:1      | Noticed an ice dragon
    12 | D:1      | Noticed a green draconian
    13 | D:1      | Noticed an iron dragon
    14 | D:1      | Noticed a black draconian
    14 | D:1      | Noticed a tentacled monstrosity
    18 | D:1      | Noticed an ice dragon
    18 | D:1      | Noticed a tentacled monstrosity
    20 | D:1      | Noticed a shadow dragon
   187 | D:1      | Reached XP level 2. HP: 21/21 MP: 2/2
   195 | D:1      | Reached skill level 1 in Throwing
   258 | D:1      | Slain by a gnoll

Action                   || total
-------------------------++-------
Melee: Hand axe          ||    14

Vault maps used:
D:1:      shiori_arrival_whats_in_store_for_you, serial_glass, glass_columns_c,
          glass_columns_b, glass_columns_b, glass_columns_b, glass_columns_a,
          glass_columns_c, hangedman_decor_clover_reticule, serial_bayou_pond_a,
          minmay_ruptured
